 Dungeon Crawl Stone Soup version 0.21.1-1-g345015fe64 (webtiles) character file.

128699 Lentor the Peltast (level 16, -3/147 HPs)
             Began as a Minotaur Berserker on June 20, 2018.
             Was a High Priest of Trog.
             Slain by a spark wasp (12 damage)
             ... on level 4 of the Spider Nest on June 21, 2018.
             The game lasted 01:26:21 (30583 turns).

Lentor the Peltast (Minotaur Berserker)            Turns: 30583, Time: 01:26:22

Health: -3/147     AC: 29    Str: 28    XL:     16   Next: 49%
Magic:  1/15       EV: 12    Int:  8    God:    Trog [*****.]
Gold:   686        SH: 20    Dex: 10    Spells: 15/15 levels left

rFire    . . .     SeeInvis +   r - +5 long sword (elec)
rCold    + + .     Gourm    .   k - +4 shield {rN+}
rNeg     + . .     Faith    .   V - +4 chain mail {rC+}
rPois    +         Spirit   .   I - +1 hat {Int+3}
rElec    .         Reflect  .   C - +0 cloak
rCorr    .         Harm     .   w - +0 pair of gloves
MR       ++...     Clarity  +   E - +2 pair of boots of the Assassin {Detection Stab+ Stlth++}
Stlth    +.........             (no amulet)
HPRegen  0.34/turn              T - ring of Maizuby {rC+ MR+ SInv}
MPRegen  0.14/turn              h - +3 ring of protection

@: berserk cooldown, very slightly contaminated, hasted and slowed
A: retaliatory headbutt, horns 2, clarity, poison resistance, shaggy fur 1,
subdued magic 1
a: Berserk, Trog's Hand, Brothers in Arms, Burn Spellbooks, Renounce Religion


You were on level 4 of the Spider Nest.
You worshipped Trog.
Trog was extremely pleased with you.
You were not hungry.

You visited 5 branches of the dungeon, and saw 25 of its levels.

You collected 2202 gold pieces.
You spent 1516 gold pieces at shops.

Inventory:

Hand Weapons
 g - a +4 great sword
 r - a +5 long sword of electrocution (weapon)
 y - a +3 antimagic long sword
Armour
 k - a +4 shield of positive energy (worn)
 w - a +0 pair of gloves (worn)
 C - a +0 cloak (worn)
 E - the +2 pair of boots of the Assassin (worn) {Detection Stab+ Stlth++}
   (You bought it in a shop on level 8 of the Dungeon)

   It makes you much more stealthy.
 I - a +1 hat of intelligence (worn)
 V - a +4 chain mail of cold resistance (worn)
Jewellery
 h - a +3 ring of protection (right hand)
 p - the ring "Nezuefuifa" {MR+ Dex+4}
   (You found it on level 6 of the Dungeon)

   [ring of protection from magic]

   It affects your dexterity (+4).
   It affects your resistance to hostile enchantments.
 s - a +2 ring of strength
 z - an uncursed ring of protection from magic
 T - the ring of Maizuby (left hand) {rC+ MR+ SInv}
   (You bought it in a shop on level 8 of the Dungeon)

   [ring of see invisible]

   It protects you from cold.
   It affects your resistance to hostile enchantments.
   It lets you see invisible.
Wands
 i - a wand of acid (19)
 j - a wand of disintegration (42)
 v - a wand of random effects (34)
 D - a wand of flame (53)
 M - a wand of iceblast (4)
 O - a wand of enslavement (7)
 S - a wand of paralysis (11)
Scrolls
 a - 5 scrolls of identify
 d - 10 scrolls of teleportation
 f - 6 scrolls of remove curse
 l - 7 scrolls of immolation
 B - a scroll of fear
 N - 4 scrolls of magic mapping
 P - a scroll of fog
 Q - 3 scrolls of enchant armour
 R - a scroll of summoning
Potions
 b - a potion of flight
 e - a potion of brilliance
 m - a potion of haste
 n - 12 potions of curing
 q - a potion of heal wounds
 t - a potion of resistance
 u - 3 potions of lignification
 x - 2 potions of might
 F - a potion of magic
 G - a potion of ambrosia
 H - a potion of agility
 J - a potion of invisibility
Miscellaneous
 o - a lightning rod (4/4)
 L - a box of beasts
Comestibles
 c - 21 rations


   Skills:
 + Level 14.8 Fighting
 + Level 17.0 Long Blades
 + Level 14.6 Armour
 + Level 7.4 Dodging
 + Level 3.1 Stealth
 + Level 20.1 Shields
 + Level 0.5 Evocations


You had 15 spell levels left.
You didn't know any spells.

Dungeon Overview and Level Annotations

Branches:
Dungeon (12/15)            Temple (1/1) D:7            Lair (6/6) D:10
 Shoals (0/4) Lair:4       Spider (4/4) Lair:4        Slime (0/5) Lair:6
    Orc (2/2) D:10            Elf (0/3) Orc:2

Altars:
Ashenzari
Cheibriados
Dithmenos
Elyvilon
Fedhas
Gozag
Hepliaklqana
Kikubaaqudgha
Makhleb
Nemelex Xobeh
Okawaru
Qazlal
Ru
Sif Muna
Trog
Uskayaw
Vehumet
Wu Jian
Xom
Yredelemnul
Zin
The Shining One
Jiyva

Shops:
D:4 %   D:8 *%*[(   Orc:2 =:*:*

Annotations:
D:4 Necrophagist's ghost, novice DECj
Lair:3 exclusion: 2 oklob plants


Innate Abilities, Weirdness & Mutations

You reflexively headbutt those who attack you in melee.
You have a pair of horns on your head.
You possess an exceptional clarity of mind.
Your system is resistant to poisons. (rPois)
You are covered in fur. (AC +1)
Your spells are a little easier to cast, but a little less powerful.


Message History

You block the spark wasp's attack.
You hit the spark wasp.
You headbutt the spark wasp, but do no damage.
The spark wasp is moderately wounded.
Your deep troll bites the ghost moth.
Your deep troll claws the ghost moth!
The ghost moth dies!
Trog accepts your kill. You block the spark wasp's attack.
Evoke which item? (* to show all) (? for menu, Esc to quit)
Aiming: Iceblast
Press: ? - help, Shift-Dir - straight line The mass of ice explodes!
The iceblast engulfs the spark wasp.
The spark wasp is heavily wounded.
You hear an angry hiss.
The hornet stings your deep troll but does no damage.
Your deep troll barely misses the hornet.
Your deep troll misses the hornet. x2; The spark wasp stings you!!
* * * LOW HITPOINT WARNING * * *
The spark wasp shocks you!
You die...

≈...††≈#### ##..##
.†≈†≈....≈## #...≈#
.≈####≈...≈####≈≈≈#
†## #≈≈.≈.≈≈.#≈≈##
.≈###^≈≈##....†≈≈#
...##.≈≈.##≈..†≈##
...###...###.≈..≈#
.≈.≈≈##### ###..≈#
##≈..###### ##y@#
##≈.≈##^.. ##†##
###††##... ####T.#
##.≈.†# .O##.{†y.##
#≈...[# #s^{≈....#
≈...≈## y#'..##≈.≈#
....≈###ysy#####...#
.≈≈...##... #^.≈###
.##..≈##y.{ #..≈#


You could see a spark wasp, a hornet and a friendly deep troll (berserk).

Vanquished Creatures
  Gastronok (Lair:2)
  3 ghost moths
  Louise (Spider:4)
  3 emperor scorpions
  3 entropy weavers
  A dire elephant (Lair:6)
  Josephine (Lair:4)
  6 hydras
  A centaur warrior (D:11)
  4 ogre magi
  15 two-headed ogres
  The ghost of Evaline the Peltast, a novice MiFi of Okawaru (D:9)
  3 death yaks (Lair:6)
  An orc high priest (Orc:1)
  Nergalle (Lair:2)
  An unseen horror (D:12)
  2 lindwurms (Lair:6)
  2 ugly things
  9 orb spiders
  A deep elf mage (D:12)
  An orc knight (Orc:1)
  An orc sorcerer (Orc:2)
  20 wolf spiders
  2 cyclopes
  A merfolk siren (Lair:4)
  5 black mambas
  15 elephants
  A moth of wrath (Spider:2)
  2 gargoyles (D:10)
  4 torpor snails
  19 spiny frogs
  A centaur skeleton (D:12)
  4 rime drakes
  6 demonic crawlers
  3 komodo dragons
  A polar bear (Lair:6)
  8 trolls
  30 jumping spiders
  Grinder (D:3)
  5 hornets
  13 blink frogs
  23 dream sheep
  5 hippogriffs
  A shadow (D:11)
  Sigmund (D:2)
  41 yaks
  19 tarantellas
  90 redbacks
  2 basilisks
  5 wraiths
  4 wyverns
  A hungry ghost (D:11)
  2 wargs (Orc:1)
  13 water moccasins
  An acid dragon (D:11)
  10 porcupines
  3 black bears
  10 orc warriors
  4 sky beasts
  33 ogres
  4 phantoms
  16 wolves
  5 ice beasts
  10 centaurs
  7 crocodiles
  2 big kobolds
  The ghost of Brecoman the Gusty, an amateur TeAE (D:3)
  13 bullfrogs
  4 scorpions
  8 killer bees
  9 wights
  6 howler monkeys
  A jelly (D:11)
  3 bullfrog zombies
  3 crimson imps
  6 hounds
  26 orc wizards
  A quasit (D:6)
  11 orc priests
  4 iguanas
  7 worker ants
  Natasha (thrice) (D:2)
  A killer bee zombie (D:8)
  2 worker ant zombies
  6 gnolls
  10 adders
  A howler monkey skeleton (D:9)
  3 shadow imps
  2 oozes
  3 adder skeletons
  3 worms
  2 dart slugs (D:1)
  A leopard gecko (D:7)
  80 orcs
  3 giant cockroaches
  5 goblins
  11 hobgoblins
  6 jackals (D:1)
  5 quokkas
  2 ball pythons
  6 bats
  6 frilled lizards
  2 gnoll zombies (D:4)
  19 kobolds
  A quokka skeleton (D:4)
  8 rats
  A plant (Lair:5)
810 creatures vanquished.

Vanquished Creatures (collateral kills)
  2 ghost moths (Spider:4)
  A spark wasp (Spider:4)
  4 hydras
  2 elephants (Lair:5)
  A spiny frog (Lair:5)
  A polar bear (Lair:5)
  3 blink frogs (Lair:6)
  A hippogriff (Lair:6)
  3 orc warriors (Orc:1)
  A bullfrog (Lair:5)
  A gnoll sergeant (D:12)
  2 orc priests (Orc:1)
  An iguana (D:12)
  3 gnolls (D:12)
  3 orcs (Orc:1)
29 creatures vanquished.

Vanquished Creatures (others)
  An orc wizard (Orc:2)
  17 fungi
  8 plants
26 creatures vanquished.

Grand Total: 865 creatures vanquished

Notes
Turn   | Place    | Note
-------+----------+-------------------------------------------
     0 | D:1      | Lentor the Minotaur Berserker began the quest for the Orb.
     0 | D:1      | Reached XP level 1. HP: 19/19 MP: 0/0
    73 | D:1      | Reached XP level 2. HP: 27/27 MP: 1/1
   346 | D:1      | Reached XP level 3. HP: 33/33 MP: 2/2
   350 | D:1      | Reached ** piety under Trog
   689 | D:2      | Reached XP level 4. HP: 25/41 MP: 3/3
   698 | D:2      | Reached skill level 5 in Long Blades
   883 | D:2      | Noticed Natasha
   891 | D:2      | Killed Natasha
   904 | D:2      | Reached XP level 5. HP: 37/47 MP: 4/4
   956 | D:2      | Noticed Sigmund
   968 | D:2      | Killed Sigmund
   968 | D:2      | Reached skill level 5 in Fighting
   968 | D:2      | Reached skill level 1 in Shields
   968 | D:2      | Reached XP level 6. HP: 56/56 MP: 5/5
  1178 | D:2      | Found a bloodstained altar of Trog.
  1338 | D:2      | Noticed Natasha
  1343 | D:2      | Killed Natasha
  1475 | D:2      | Found a shimmering altar of Xom.
  1518 | D:2      | Noticed Natasha
  1531 | D:2      | Killed Natasha
  1531 | D:2      | Reached *** piety under Trog
  1775 | D:3      | Noticed Grinder
  1779 | D:3      | Noticed Brecoman's ghost (amateur TeAE)
  1783 | D:3      | Killed Grinder
  1783 | D:3      | Reached skill level 2 in Shields
  1783 | D:3      | Reached XP level 7. HP: 61/61 MP: 6/6
  1791 | D:3      | Killed Brecoman's ghost
  1791 | D:3      | Reached skill level 5 in Armour
  2038 | D:3      | Found an opulent altar of Gozag.
  2829 | D:4      | Found Uzxyled's Food Shoppe.
  2852 | D:4      | Reached skill level 3 in Shields
  3256 | D:4      | Reached XP level 8. HP: 25/70 MP: 7/7
  3600 | D:4      | Found a basalt altar of Yredelemnul.
  3725 | D:4      | Reached **** piety under Trog
  3870 | D:4      | Noticed Necrophagist's ghost (novice DECj)
  3990 | D:4      | Found a hazy altar of Hepliaklqana.
  4033 | D:5      | Entered Level 5 of the Dungeon
  4036 | D:5      | Noticed a two-headed ogre
  4043 | D:5      | Killed a two-headed ogre
  4043 | D:5      | Reached skill level 1 in Stealth
  4043 | D:5      | Reached skill level 5 in Shields
  4048 | D:5      | Reached skill level 5 in Dodging
  4381 | D:5      | Found an ancient bone altar of Kikubaaqudgha.
  4427 | D:5      | Reached XP level 9. HP: 62/78 MP: 8/8
  4783 | D:5      | Reached skill level 6 in Shields
  4971 | D:6      | Noticed a hand axe
  4971 | D:6      | Noticed a hand axe
  4972 | D:6      | Found a hide-covered altar of Uskayaw.
  5059 | D:6      | You fall through a shaft!
  5079 | D:7      | Found a snail-covered altar of Cheibriados.
  5208 | D:7      | Reached ***** piety under Trog
  5208 | D:7      | Reached skill level 10 in Long Blades
  5302 | D:6      | Reached skill level 7 in Shields
  6206 | D:6      | Got a heavily runed ivory ring
  6645 | D:6      | Found a burning altar of Makhleb.
  7099 | D:7      | Found a staircase to the Ecumenical Temple.
  7228 | Temple   | Entered the Ecumenical Temple
  7590 | D:7      | Received a gift from Trog
  7606 | D:7      | Identified the ring "Nezuefuifa" {MR+ Dex+4} (You found it on level 6 of the Dungeon)
  8062 | D:8      | Found a deep blue altar of Sif Muna.
  8174 | D:8      | Found Nelin's Armour Shoppe.
  8253 | D:8      | Found Bonwamos's Assorted Antiques.
  8417 | D:8      | Found Buwo's Antique Weapon Shoppe.
  8580 | D:8      | Found a shadowy altar of Dithmenos.
  8593 | D:8      | Reached skill level 8 in Shields
  8636 | D:8      | Found Japlayt's Food Boutique.
  8725 | D:8      | Found Quhe's Assorted Antiques.
  8806 | D:9      | Reached XP level 10. HP: 86/86 MP: 3/9
  8812 | D:9      | Noticed Evaline's ghost (novice MiFi)
  9041 | D:9      | Killed Evaline's ghost
  9517 | D:9      | Reached skill level 9 in Shields
  9737 | D:9      | Found a glowing golden altar of the Shining One.
  9799 | D:9      | Noticed a two-headed ogre
  9808 | D:9      | Killed a two-headed ogre
  9808 | D:9      | Reached skill level 10 in Shields
 10085 | D:10     | Entered Level 10 of the Dungeon
 10149 | D:10     | Found a white marble altar of Elyvilon.
 10237 | D:10     | Found a staircase to the Lair.
 10293 | D:10     | Reached XP level 11. HP: 94/94 MP: 3/10
 10333 | D:10     | Received a gift from Trog
 10562 | D:10     | Found a staircase to the Orcish Mines.
 11240 | D:11     | Noticed a green ugly thing
 11254 | D:11     | Killed a green ugly thing
 11531 | D:11     | Reached skill level 11 in Shields
 11543 | D:11     | Noticed a centaur warrior
 11550 | D:11     | Killed a centaur warrior
 11649 | D:12     | Received a gift from Trog
 11665 | D:12     | Noticed a six-headed hydra
 11676 | D:12     | Killed a nine-headed hydra
 11691 | D:12     | Found an ancient bone altar of Kikubaaqudgha.
 11741 | D:12     | Noticed an eight-headed hydra
 11750 | D:12     | Killed a 14-headed hydra
 11949 | D:12     | Noticed a red ugly thing
 11955 | D:12     | Killed a red ugly thing
 12050 | D:12     | Noticed an eight-headed hydra
 12112 | D:12     | Killed a ten-headed hydra
 12112 | D:12     | Reached XP level 12. HP: 63/106 MP: 3/11
 12439 | D:12     | Reached skill level 10 in Armour
 12439 | D:12     | Reached skill level 12 in Shields
 12974 | D:12     | Reached skill level 10 in Fighting
 13013 | D:12     | Gained mutation: You have sharp toenails. [potion of mutation]
 13013 | D:12     | Gained mutation: Your spells are a little harder to cast, but a little more powerful. [potion of mutation]
 13014 | D:12     | Lost mutation: Your spells are a little harder to cast, but a little more powerful. [potion of mutation]
 13014 | D:12     | Lost mutation: You have sharp toenails. [potion of mutation]
 13014 | D:12     | Gained mutation: You do not regenerate when monsters are visible. [potion of mutation]
 13014 | D:12     | Gained mutation: You have large cloven feet. [potion of mutation]
 13141 | Orc:1    | Entered Level 1 of the Orcish Mines
 13489 | Orc:1    | Noticed an orc high priest
 13499 | Orc:1    | Killed an orc high priest
 13762 | Orc:2    | Entered Level 2 of the Orcish Mines
 13762 | Orc:2    | Found a staircase to the Elven Halls.
 13765 | Orc:2    | Noticed a two-headed ogre
 13765 | Orc:2    | Noticed a two-headed ogre
 13765 | Orc:2    | Noticed a two-headed ogre
 13775 | Orc:2    | Noticed an ogre mage
 13778 | Orc:2    | Noticed an ogre mage
 13779 | Orc:2    | Noticed a two-headed ogre
 13780 | Orc:2    | Noticed a two-headed ogre
 13794 | Orc:1    | Killed a two-headed ogre
 13797 | Orc:1    | Killed a two-headed ogre
 13939 | Orc:1    | Killed a two-headed ogre
 13939 | Orc:1    | Reached skill level 13 in Shields
 13944 | Orc:1    | Killed a two-headed ogre
 14054 | Orc:1    | Killed an ogre mage
 14194 | Orc:2    | Noticed an ogre mage
 14195 | Orc:2    | Noticed a two-headed ogre
 14195 | Orc:2    | Noticed a two-headed ogre
 14195 | Orc:2    | Noticed a two-headed ogre
 14198 | Orc:2    | Noticed an ogre mage
 14202 | Orc:2    | Noticed a two-headed ogre
 14207 | Orc:1    | Killed a two-headed ogre
 14333 | Orc:2    | Noticed a two-headed ogre
 14339 | Orc:1    | Killed a two-headed ogre
 14343 | Orc:1    | Killed a two-headed ogre
 14679 | Orc:1    | Killed a two-headed ogre
 14679 | Orc:1    | Reached XP level 13. HP: 85/116 MP: 4/12
 14923 | Orc:2    | Reached skill level 14 in Shields
 15090 | Orc:2    | Found Odwatoh's Book Emporium.
 15090 | Orc:2    | Found Coybruv's Jewellery Boutique.
 15091 | Orc:2    | Found Ylau's Book Shop.
 15091 | Orc:2    | Found Jaivve's Assorted Antiques.
 15103 | Orc:2    | Reached skill level 15 in Long Blades
 15152 | Orc:2    | Received a gift from Trog
 15689 | D:8      | Bought the +2 pair of boots of the Assassin {Detection Stab+ Stlth++} for 960 gold pieces
 15689 | D:8      | Found the +2 pair of boots of the Assassin {Detection Stab+ Stlth++}
 15797 | Orc:2    | Found Romn's Assorted Antiques.
 16036 | Lair:1   | Entered Level 1 of the Lair of Beasts
 16165 | Lair:1   | Got a sparkling bronze ring
 16714 | Lair:2   | Noticed Gastronok
 16738 | Lair:2   | Killed Gastronok
 16738 | Lair:2   | Reached skill level 15 in Shields
 16853 | Lair:2   | Noticed Nergalle
 16879 | Lair:2   | Killed Nergalle
 17277 | Lair:2   | Identified the ring of the Duchess {Ice MP+9} (You found it on level 1 of the Lair of Beasts)
 18219 | Lair:3   | Reached XP level 14. HP: 127/127 MP: 4/13
 18306 | Lair:3   | Received a gift from Trog
 19143 | Lair:3   | Found a glowing golden altar of the Shining One.
 19357 | Lair:4   | Received a gift from Trog
 19370 | Lair:4   | Lost mutation: You have large cloven feet. [potion of mutation]
 19370 | Lair:4   | Lost mutation: You do not regenerate when monsters are visible. [potion of mutation]
 19370 | Lair:4   | Gained mutation: You possess an exceptional clarity of mind. [potion of mutation]
 19370 | Lair:4   | Gained mutation: Your spells are a little easier to cast, but a little less powerful. [potion of mutation]
 19370 | Lair:4   | Gained mutation: You are covered in fur. (AC +1) [potion of mutation]
 19370 | Lair:4   | Gained mutation: Your system is resistant to poisons. (rPois) [potion of mutation]
 19574 | D:8      | Bought a dented citrine amulet for 145 gold pieces
 20023 | Lair:4   | Found a staircase to the Shoals.
 20087 | Lair:4   | Noticed Josephine
 20090 | Lair:4   | Found a hole to the Spider Nest.
 20104 | Lair:4   | Killed Josephine
 20114 | Lair:4   | Reached skill level 16 in Shields
 21234 | Lair:5   | Reached skill level 17 in Shields
 21779 | Lair:6   | Entered Level 6 of the Lair of Beasts
 22087 | Lair:6   | Found a viscous altar of Jiyva.
 22087 | Lair:6   | Found a staircase to the Slime Pits.
 22629 | Lair:6   | Received a gift from Trog
 22953 | Lair:6   | Reached XP level 15. HP: 120/136 MP: 4/14
 23758 | Spider:1 | Entered Level 1 of the Spider Nest
 23937 | Spider:1 | Killed a ghost moth
 23937 | Spider:1 | Reached skill level 18 in Shields
 24345 | Spider:1 | Killed a ghost moth
 26605 | Spider:2 | Reached skill level 19 in Shields
 26857 | Spider:3 | Received a gift from Trog
 27782 | Spider:3 | Killed a ghost moth
 27868 | Spider:3 | Reached XP level 16. HP: 147/147 MP: 5/15
 27901 | Spider:3 | Got a pair of ichor-stained boots
 27912 | Spider:3 | Identified the cursed +0 pair of boots of Leaves {*Corrode rN++ Dex+3} (You found it on level 3 of the Spider Nest)
 29235 | D:8      | Bought a heavily runed lead ring for 150 gold pieces
 29236 | D:8      | Identified the ring of Maizuby {rC+ MR+ SInv} (You bought it in a shop on level 8 of the Dungeon)
 29319 | Orc:2    | Bought a spiked scale mail for 261 gold pieces
 29329 | Orc:2    | Identified the +5 scale mail of Claustrophobia {Dex+5} (You bought it in a shop on level 2 of the Orcish Mines)
 29525 | Spider:4 | Entered Level 4 of the Spider Nest
 29624 | Spider:4 | Received a gift from Trog
 29838 | Spider:4 | Noticed Louise
 29841 | Spider:4 | Killed Louise
 30483 | Spider:4 | Reached skill level 20 in Shields
 30570 | Spider:4 | HP: 4/147 [spark wasp/living lightning (10)]
 30583 | Spider:4 | Slain by a spark wasp

Skill      XL: |  1  2  3  4  5  6  7  8  9 10 11 12 13 14 15 16 |
---------------+-------------------------------------------------+-----
Fighting       | 4 5 6 7 8 9 11 12 13 14 | 14.8
Long Blades    | 4 5 6 7 9 10 12 13 14 15 16 17 | 17.0
Armour         | 3 4 5 6 7 9 11 12 13 14 | 14.6
Dodging        | 3 4 5 6 7 |  7.4
Shields        | 1 2 3 5 8 10 11 13 15 17 19 20 | 20.1
Stealth        | 1 2 3 |  3.1
Evocations     | |  0.5

Action                   |  1- 3 |  4- 6 |  7- 9 | 10-12 | 13-15 | 16-18 || total
-------------------------+-------+-------+-------+-------+-------+-------++-------
Melee: Falchion          |    84 |    76 |   411 |       |       |       ||   571
       Headbutt          |    18 |    11 |    98 |   190 |   538 |    76 ||   931
       Long sword        |       |       |    40 |   610 |  1586 |   297 ||  2533
Invok: Berserk           |     2 |     3 |     4 |    14 |    19 |     1 ||    43
       Burn Spellbooks   |       |       |     1 |     1 |     3 |       ||     5
       Brothers in Arms  |       |       |       |     7 |     6 |     3 ||    16
Evoke: Lightning rod     |       |       |       |       |     4 |       ||     4
       Wand              |       |       |       |       |       |     1 ||     1
  Use: Scroll            |       |       |    19 |     4 |     5 |     6 ||    34
       Potion            |       |       |       |     4 |     2 |     4 ||    10
 Stab: Sleeping          |       |       |       |       |       |     2 ||     2
       Distracted        |       |       |       |       |       |     1 ||     1
  Eat: Chunk             |       |     4 |    18 |    14 |    36 |     2 ||    74
       Ration            |       |     1 |     2 |     7 |     8 |     3 ||    21
Armor: Ring mail         |    45 |    13 |    39 |       |       |       ||    97
       Plate armour      |       |       |   101 |   271 |   684 |    41 ||  1097
       Skin              |       |       |     1 |       |       |       ||     1
       Chain mail        |       |       |       |       |       |    90 ||    90
       Scale mail        |       |       |       |       |       |     7 ||     7
Dodge: Dodged            |    57 |    21 |   103 |   156 |   443 |    91 ||   871
Block: Shield            |     9 |    30 |   205 |   520 |  1415 |   334 ||  2513
       Rpst.: Falchion   |    13 |     5 |    23 |       |       |       ||    41
       Long sword        |       |       |     3 |    43 |    86 |    19 ||   151
